 Dungeon Crawl Stone Soup version 0.25-a0-246-g58704a1ebd (webtiles) character file.

Game seed: 12189034785581085887, levelgen mode: deterministic

756 floatRand the Chopper (level 7, 0/52 HPs)
             Began as a Demonspawn Fighter on Dec 3, 2019.
             Killed from afar by Dowan (8 damage)
             ... with a stone arrow
             ... on level 5 of the Dungeon.
             The game lasted 00:03:59 (3885 turns).

floatRand the Chopper (Demonspawn Fighter)          Turns: 3885, Time: 00:03:59

Health: 0/52       AC:  6    Str: 17    XL:     7   Next: 50%
Magic:  7/7        EV:  6    Int:  9    God:
Gold:   225        SH:  9    Dex: 14    Spells: 6/6 levels left

rFire    . . .     SeeInvis .   a - +0 war axe
rCold    . . .     Gourm    .   n - +2 shield
rNeg     . . .     Faith    .   b - +0 scale mail
rPois    .         Spirit   .   (helmet restricted)
rElec    .         Reflect  .   (no cloak)
rCorr    .         Harm     .   (no gloves)
MR       .....                  (no boots)
Stlth    ..........             (no amulet)
HPRegen  0.17/turn              (no ring)
MPRegen  0.10/turn              (no ring)

@: hasted, heavily drained, very quick
A: horns 1, foul stench 1, powered by death 1, rot immunity
a: no special abilities


You were on level 5 of the Dungeon.
You were hungry.

You visited 1 branch of the dungeon, and saw 5 of its levels.

You collected 225 gold pieces.

Inventory:

Hand Weapons
 a - a +0 war axe (weapon)
Armour
 b - a +0 scale mail (worn)
 c - a +0 shield
 m - a cursed +0 leather armour
 n - a +2 shield (worn)
Scrolls
 d - 2 scrolls of enchant armour {unknown}
 g - 7 scrolls of identify {unknown}
 h - 3 scrolls of teleportation {unknown}
 i - 4 scrolls of remove curse {unknown}
 l - a scroll of enchant weapon {unknown}
Potions
 o - a potion of heal wounds {unknown}
 p - a potion of mutation {unknown}
Comestibles
 f - 6 rations


   Skills:
 - Level 3.0(0.8) Fighting
 * Level 6.5(4.1) Axes
 + Level 5.1(2.9) Armour
 - Level 2.6(0.5) Shields


You had 6 spell levels left.
You didn't know any spells.
Your spell library was empty.

Dungeon Overview and Level Annotations

Branches:
Dungeon (5/15)
 Temple: D:4-7

Altars:
Elyvilon
Fedhas
Makhleb
Vehumet
Xom
Zin

Shops:
D:2 *   D:4 (

Annotations:
D:4 1 runed translucent door, Crazy Yiuf
D:5 Dowan


Innate Abilities, Weirdness & Mutations

You have a pair of small horns on your head.
You may emit foul miasma when damaged in melee.
You regenerate a little health from kills.
You are immune to rotting.


Message History

You hit Dowan. You headbutt Dowan, but do no damage.
Dowan is heavily wounded.
Dowan hits you but does no damage. You block Dowan's attack.
It was a potion of haste.
You feel yourself speed up. You block Dowan's attack.
You miss Dowan. Your headbutt misses Dowan.
Dowan is heavily wounded.
Dowan hits you but does no damage. x2
You closely miss Dowan. You headbutt Dowan, but do no damage.
Dowan is heavily wounded.
Dowan hits you but does no damage.
You hit Dowan but do no damage.
Dowan is heavily wounded.
Dowan hits you but does no damage.
Dowan hits you with a +1 dagger of protection.
* * * LOW HITPOINT WARNING * * *
You barely miss Dowan.
Dowan is heavily wounded.
Dowan points at you and mumbles some strange words.
The stone arrow hits you!
You die...

### ..# #.#
#.# #.# #.#
#.# #@# #e#
#.##########
#..........#
##########.###
#.........#
#.#####.#.#
### #. #.#.#
..# #.# #.#.#


You could see Dowan.

Vanquished Creatures
  Edmund (D:4)
  Duvessa (D:5)
  An orc warrior (D:4)
  A scorpion (D:4)
  A howler monkey (D:4)
  A bullfrog skeleton (D:4)
  A jelly (D:5)
  Terence (D:2)
  5 worker ants
  7 adders
  2 oozes (D:2)
  An adder skeleton (D:4)
  2 worms
  3 dart slugs
  3 leopard geckos
  2 orcs (D:4)
  4 giant cockroaches
  11 goblins
  9 hobgoblins
  9 jackals
  A quokka (D:2)
  8 bats
  3 frilled lizards
  A jackal skeleton (D:4)
  9 kobolds
  5 rats
93 creatures vanquished.

Notes
Turn   | Place    | Note
-------+----------+-------------------------------------------
     0 | D:1      | floatRand the Demonspawn Fighter began the quest for the
                  | Orb.
     0 | D:1      | Reached XP level 1. HP: 18/18 MP: 1/1
    43 | D:1      | Reached skill level 2 in Axes
   203 | D:1      | Gained mutation: You have a pair of small horns on your
                  | head. [demonic ancestry]
   203 | D:1      | Reached XP level 2. HP: 19/24 MP: 2/2
   530 | D:1      | Reached XP level 3. HP: 25/29 MP: 3/3
   954 | D:2      | Reached skill level 3 in Axes
   995 | D:2      | Noticed Terence
  1004 | D:2      | Killed Terence
  1004 | D:2      | Gained mutation: You are immune to rotting. [demonic
                  | ancestry]
  1004 | D:2      | Reached XP level 4. HP: 22/35 MP: 4/4
  1168 | D:2      | Found Zin's Purification Station.
  1183 | D:2      | Found a glowing silver altar of Zin.
  1810 | D:3      | Reached skill level 4 in Axes
  1858 | D:3      | Gained mutation: You regenerate a little health from kills.
                  | [demonic ancestry]
  1858 | D:3      | Reached XP level 5. HP: 31/41 MP: 5/5
  2237 | D:4      | Noticed an orc warrior
  2254 | D:4      | Killed an orc warrior
  2254 | D:4      | Reached XP level 6. HP: 4/47 MP: 6/6
  2518 | D:4      | Reached skill level 5 in Axes
  3149 | D:4      | Found Caul's Weapon Boutique.
  3260 | D:4      | Noticed Edmund
  3279 | D:4      | Killed Edmund
  3279 | D:4      | Reached skill level 6 in Axes
  3279 | D:4      | Gained mutation: You may emit foul miasma when damaged in
                  | melee. [demonic ancestry]
  3279 | D:4      | Reached XP level 7. HP: 6/52 MP: 7/7
  3529 | D:4      | Found a runed translucent door.
  3530 | D:4      | Noticed Crazy Yiuf
  3724 | D:5      | Entered Level 5 of the Dungeon
  3738 | D:5      | Found an ancient bone altar of Kikubaaqudgha.
  3740 | D:5      | Found a burning altar of Makhleb.
  3740 | D:5      | Found a shimmering altar of Xom.
  3742 | D:5      | Found a radiant altar of Vehumet.
  3742 | D:5      | Found a white marble altar of Elyvilon.
  3742 | D:5      | Found a blossoming altar of Fedhas.
  3856 | D:5      | Noticed Dowan
  3857 | D:5      | Noticed Duvessa
  3873 | D:5      | Killed Duvessa
  3873 | D:5      | Reached skill level 5 in Armour
  3885 | D:5      | Killed from afar by Dowan

Levels and vault maps discovered:
D:1:      roderic_crop_circles_arrival_small, layout_basic, serial_forest,
          infiniplex_forest_straight_3, infiniplex_forest_clump_long,
          infiniplex_forest_3_way, infiniplex_forest_clump_curved
D:2:      layout_loops_cross, zin_purify, first_ration, uniq_terence
D:3:      layout_rooms
D:4:      layout_rooms, serial_shops, nicolae_shop_crystal, minmay_vboxes,
          uniq_crazy_yiuf_cottage, uniq_edmund
D:5:      layout_loops_ring, nicolae_gozag_cash_rules_everything_around_me,
          portal_sewer_entry_e, doesnt_xom_only_xom, uniq_duvessa

Skill      XL: |  1  2  3  4  5  6  7 |
---------------+----------------------+-----
Axes           | 2 3 4 6 |  6.5
Armour         | 3 4 5 |  5.1
Fighting       | |  3.0
Shields        | |  2.6

Action                   |  1- 3 |  4- 6 |  7- 9 || total
-------------------------+-------+-------+-------++-------
Melee: War axe           |    97 |   158 |    43 ||   298
       Headbutt          |    15 |    27 |    11 ||    53
  Use: Potion            |       |     3 |     2 ||     5
  Eat: Chunk             |       |     8 |     1 ||     9
Armor: Scale mail        |    56 |    81 |    15 ||   152
Dodge: Dodged            |    43 |    60 |    10 ||   113
Block: Shield            |    51 |    89 |    26 ||   166

Table legend:
 A = Non-vault XP
 B = Vault XP
 C = Vault XP percentage of total XP
 D = Non-vault monster count
 E = Vault monster count
 F = Vault count percentage of total count
                 A         B        C        D         E       F
            +---------+---------+-------+---------+---------+-------
      Total |     682 |     399 |  36.9 |      87 |       6 |   6.5
            +---------+---------+-------+---------+---------+-------
        D:1 |      47 |       0 |   0.0 |      27 |       0 |   0.0
        D:2 |      92 |      36 |  28.1 |      24 |       1 |   4.0
        D:3 |      76 |       0 |   0.0 |      15 |       0 |   0.0
        D:4 |     391 |     221 |  36.1 |      18 |       4 |  18.2
        D:5 |      76 |     142 |  65.1 |       3 |       1 |  25.0
            +---------+---------+-------+---------+---------+-------
